 Dungeon Crawl Stone Soup version 0.29-a0-338-g1ff7896281 (webtiles) character file.

Game seed: 2641736744751712611

919 sammy202020 the Ruffian (level 7, -1/72 HPs)
             Began as a Troll Fighter on Apr 18, 2022.
             Slain by a killer bee (8 damage)
             ... on level 5 of the Dungeon.
             The game lasted 00:06:43 (4398 turns).

sammy202020 the Ruffian (Troll Fighter)             Turns: 4398, Time: 00:06:44

Health: -1/72      AC:  7    Str: 25    XL:     7   Next: 83%
Magic:  6/6        EV:  9    Int: 12    God:
Gold:   232        SH:  7    Dex:  9    Spells: 6/6 levels left

rFire   . . .      SeeInvis .     - Unarmed
rCold   . . .      Faith    .   b - +0 kite shield
rNeg    + . .      Spirit   .   r - +1 robe {rN+}
rPois   .          Reflect  .   n - +0 hat
rElec   .          Harm     .   v - +1 cloak
rCorr   .          Rampage  .   (gloves unavailable)
Will    .....                   (boots unavailable)
Stlth   +.........              (no amulet)
HPRegen 1.02/turn               a - +6 ring of intelligence
MPRegen 0.10/turn               (no ring)

@: no status effects
A: large, unfitting armour, claws 3, regeneration 1, shaggy fur 1, tough skin 1
a: no special abilities


You were on level 5 of the Dungeon.
You visited 1 branch of the dungeon, and saw 5 of its levels.

You collected 232 gold pieces.

Inventory:

Hand Weapons
 w - the +9 mace of Superiority {elec, rPois rN+ Stlth+}
   (You found it on level 3 of the Dungeon)

   It occasionally discharges a powerful burst of electricity upon striking a
   foe.
   rPois:     It protects you from poison.
   rN:        It protects you from negative energy.
   Stlth:     It makes you more stealthy.
Armour
 b - a +0 kite shield (worn)
 n - a +0 hat (worn)
 r - a +1 robe of positive energy (worn)
 v - a +1 cloak (worn)
Jewellery
 a - a +6 ring of intelligence (left claw)
Wands
 q - a wand of mindburst (10)
 u - a wand of iceblast (10)
Scrolls
 d - 4 scrolls of fear
 f - 2 scrolls of enchant weapon
 g - a scroll of immolation
 i - a scroll of brand weapon {unknown}
 o - a scroll of teleportation
Potions
 e - a potion of mutation {unknown}
 h - 2 potions of curing
 j - 2 potions of degeneration {unknown}
 k - 3 potions of brilliance {unknown}
 l - a potion of resistance {unknown}
 m - a potion of haste {unknown}
 p - 3 potions of ambrosia {unknown}
 s - 2 potions of lignification {unknown}


   Skills:
 * Level 5.0 Fighting
 - Level 0.4 Armour
 + Level 3.8 Dodging
 + Level 3.7 Shields
 * Level 5.4 Unarmed Combat


You had 6 spell levels left.
You didn't know any spells.
Your spell library contained the following spells:

 Spells                   Type           Power      Damage    Failure   Level
 Static Discharge         Conj/Air       0%         N/A       75%         2
 Dazzling Flash           Conj/Hex       0%         N/A       93%         3
 Ozocubu's Armour         Ice            0%         N/A       93%         3
 Dispel Undead            Necr           0%         3d6       100%        4
 Iskenderun's Mystic Bla  Conj/Tloc      0%         2d3       100%        4
 Sticky Flame             Conj/Fire      0%         2d3       100%        4
 Starburst                Conj/Fire      0%         6d3       100%        6
 Ozocubu's Refrigeration  Ice            0%         4d5       100%        7


Dungeon Overview and Level Annotations

Branches:
Dungeon (5/15)
 Temple: D:4-7

Altars:

Shops:
D:1 :

Annotations:
D:5 Eustachio


Innate Abilities, Weirdness & Mutations

You are too large for most types of armour.
You have claws for hands.
Your natural rate of healing is unusually fast.
You are covered in fur. (AC +1)
You have tough skin. (AC +1)


Message History

Eustachio blinks!
You scratch the killer bee.
The killer bee is moderately wounded.
You feel very sick. The killer bee barely misses you.
The killer bee stings you.
* * * LOW HITPOINT WARNING * * *
You block the killer bee's attack. The killer bee misses you.
The killer bee stings you but does no damage. x2
You block the killer bee's attack. The killer bee stings you.
* * * LOW HITPOINT WARNING * * *
The killer bee completely misses you. The killer bee closely misses you.
The killer bee attacks as you move away!
The killer bee closely misses you.
The killer bee attacks as you move away!
You block the killer bee's attack.
You feel very sick.
You block the killer bee's attack. x2; The killer bee stings you.
* * * LOW HITPOINT WARNING * * *
The killer bee stings you but does no damage.
You claw the killer bee!
You kill the killer bee!
You feel very sick. The killer bee misses you.
The killer bee barely misses you.
The killer bee stings you but does no damage.
You block the killer bee's attack. x2; The killer bee stings you.
* * * LOW HITPOINT WARNING * * *
The killer bee stings you but does no damage. x2
Your Fighting skill increases to level 5!
You feel better. The killer bee closely misses you.
You block the killer bee's attack.
The killer bee stings you but does no damage. x2
You block the killer bee's attack. The killer bee barely misses you.
The killer bee stings you but does no damage.
The killer bee closely misses you.
Eustachio gestures wildly while chanting.
The killer bee stings you!
* * * LOW HITPOINT WARNING * * *
The killer bee barely misses you. The killer bee completely misses you.
The killer bee stings you!
You die...

#...# #...# #...#
########...#
#.....##...#
#..........#
#..........#
#..........#....!.
#@y...####+#......
#yyW..##...#....@.
#.yb.÷.....#......
.......#
#.@........#......
.......#
#..........#Wyy...
.......#
##rr.......#......
.......#
#.........#......
.......#
#...÷.....'......
....<..#
#....######......


You could see Eustachio, a phantom, 4 killer bees, 2 quokkas and a bat
(summoned).

Vanquished Creatures
  Prince Ribbit (D:5)
  Sigmund (D:3)
  A sky beast (D:5)
  An ogre (D:4)
  A scorpion (D:4)
  A killer bee (D:5)
  Crazy Yiuf (D:3)
  Jessica (D:2)
  Terence (D:2)
  An orc wizard (D:4)
  2 iguanas
  A gnoll (D:1)
  5 adders
  A worm (D:2)
  3 dart slugs
  3 orcs (D:4)
  13 ball pythons
  7 bats
  8 endoplasms
  2 giant cockroaches (D:2)
  8 goblins
  6 hobgoblins
  2 jackals (D:2)
  3 quokkas
  3 frilled lizards (D:2)
  6 kobolds
  3 rats
86 creatures vanquished.

Notes
Turn   | Place    | Note
-------+----------+-------------------------------------------
     0 | D:1      | sammy202020 the Troll Fighter began the quest for the Orb.
     0 | D:1      | Reached XP level 1. HP: 22/22 MP: 0/0
    34 | D:1      | Reached XP level 2. HP: 29/29 MP: 1/1
   166 | D:1      | Found Waazopt's Book Boutique.
   381 | D:1      | Reached XP level 3. HP: 36/36 MP: 2/2
   870 | D:2      | Noticed Terence
   893 | D:2      | Killed Terence
   894 | D:2      | Reached XP level 4. HP: 12/45 MP: 3/3
  1466 | D:2      | Noticed Jessica
  1479 | D:2      | Killed Jessica
  1583 | D:2      | Reached XP level 5. HP: 34/53 MP: 4/4
  1790 | D:2      | Found a faded altar of an unknown god.
  2139 | D:3      | Noticed Sigmund
  2153 | D:3      | Killed Sigmund
  2154 | D:3      | Reached XP level 6. HP: 54/62 MP: 5/5
  2225 | D:3      | Found a runed translucent door.
  2226 | D:3      | Noticed Crazy Yiuf
  2315 | D:3      | Killed Crazy Yiuf
  2321 | D:3      | Identified the +9 mace of Superiority {elec, rPois rN+
                  | Stlth+}
  3303 | D:4      | HP: 3/62 [ogre/+0 giant spiked club (20)]
  3305 | D:4      | Reached XP level 7. HP: 5/71 MP: 6/6
  3791 | D:5      | Entered Level 5 of the Dungeon
  3981 | D:5      | Noticed Prince Ribbit
  4007 | D:5      | HP: 1/71 [Prince Ribbit (6)]
  4008 | D:5      | Killed Prince Ribbit
  4009 | D:5      | Reached skill level 5 in Unarmed Combat
  4382 | D:5      | Noticed Eustachio
  4396 | D:5      | HP: 2/71 [killer bee (5)]
  4397 | D:5      | Reached skill level 5 in Fighting
  4398 | D:5      | Slain by a killer bee

Illustrated notes

Levels and vault maps discovered:
D:1:      zaba_arrival_water, layout_basic, serial_shops, shop,
          hex_intersection, st_stairs_5, nicolae_figureground_sparkle
D:2:      minmay_diamond_boxcup, layout_loops_corners,
          shapermc_ecumenical_altar_hornbeckon, uniq_terence, uniq_jessica
D:3:      layout_rooms, uniq_sigmund, uniq_crazy_yiuf_cottage
D:4:      layout_basic
D:5:      layout_gridville, uniq_eustachio, uniq_prince_ribbit1, uniq_menkaure

Skill      XL: |  1  2  3  4  5  6  7 |
---------------+----------------------+-----
Fighting       | 3 4 5 |  5.0
Unarmed Combat | 3 4 5 |  5.4
Dodging        | 3 |  3.8
Shields        | 3 |  3.7
Armour         | |  0.4

Action                   |  1- 3 |  4- 6 |  7- 9 || total
-------------------------+-------+-------+-------++-------
Melee: Unarmed           |    83 |   141 |    40 ||   264
  Use: Scroll            |       |     9 |       ||     9
       Potion            |       |     2 |     2 ||     4
Armor: Robe              |    24 |    36 |    26 ||    86
Dodge: Dodged            |    25 |    31 |    30 ||    86
Block: Kite shield       |    28 |    41 |    20 ||    89

Table legend: (Time is in decaauts)
 A = Elapsed time spent in this place.
 B = Non-inter-level travel time spent in this place.
 C = Inter-level travel time spent in this place.
 D = Time resting spent in this place.
 E = Time spent auto-exploring this place.
 F = Levels seen in this place.
 G = Mean time per level.
                   A        B        C        D        E       F      G
               +--------+--------+--------+--------+--------+-----+--------+
         Total |   4429 |   4215 |    214 |    359 |   3134 |   5 |  885.8 |
       Dungeon |   4429 |   4215 |    214 |    359 |   3134 |   5 |  885.8 |
               +--------+--------+--------+--------+--------+-----+--------+

Top non-repeatable levels by time:
     D:2: 1327 daAuts
     D:4: 1050 daAuts
     D:1: 800 daAuts
     D:3: 643 daAuts
     D:5: 608 daAuts
